 Dungeon Crawl Stone Soup version 0.30-a0-1124-g6e8f0f562f (webtiles) character file.

Game seed: 8618106957052904222

193 bande the Trooper (level 5, -4/33 HPs)
             Began as a Gargoyle Fighter on Apr 24, 2023.
             Killed by nerve-wracking pain
             ... invoked by an orc priest
              (5 damage)
             ... on level 4 of the Dungeon.
             The game lasted 00:04:22 (2712 turns).

bande the Trooper (Gargoyle Fighter)                Turns: 2712, Time: 00:04:23

Health: -4/33      AC: 12    Str: 19    XL:     5   Next: 72%
Magic:  5/5        EV:  9    Int: 15    God:
Gold:   223        SH:  4    Dex: 11    Spells: 4/4 levels left

rFire   . . .        a - +1 war axe (chaos)
rCold   . . .        c - +0 buckler
rNeg    + . .        b - +0 scale mail
rPois   ∞            (no helmet)
rElec   +            (no cloak)
rCorr   .            x - +0 pair of gloves
SInv    .            (no boots)
Will    .....        (no amulet) Stlth
                     g - +6 ring of intelligence
HPRegen 0.25/turn    (no ring)
MPRegen 0.09/turn

%: no passive effects
@: no status effects
A: sickness immunity, AC +4, negative energy resistance 1, electricity
resistance, torment resistance 1, petrification resistance
a: no special abilities


You were on level 4 of the Dungeon.
You visited 1 branch of the dungeon, and saw 4 of its levels.

You collected 223 gold pieces.

Inventory:

Hand Weapons
 a - a +1 war axe of chaos (weapon)
 i - a +0 war axe
Armour
 b - a +0 scale mail (worn)
 c - a +0 buckler (worn)
 x - a +0 pair of gloves (worn)
Jewellery
 g - a +6 ring of intelligence (left hand)
 m - a ring of ice
Wands
 p - a wand of polymorph (8)
 s - a wand of paralysis (9)
Scrolls
 h - a scroll of magic mapping
 w - 2 scrolls of teleportation
Potions
 d - 2 potions of might
 e - 2 potions of curing
 f - a potion of heal wounds {unknown}
 j - a potion of flight {unknown}
 k - a potion of degeneration {unknown}
 n - a potion of resistance {unknown}
 o - 2 potions of magic
 q - a potion of ambrosia {unknown}
 r - a potion of invisibility {unknown}


   Skills:
 + Level 4.2 Fighting
 + Level 3.4 Axes
 + Level 4.0 Armour
 + Level 3.8 Shields
 * Level 1.3 Evocations


You had 4 spell levels left.
You didn't know any spells.
Your spell library contained the following spells:

 Spells                   Type           Power      Damage    Failure   Level
 Dazzling Flash           Conj/Hex       0%         N/A       96%         3
 Vhi's Electric Charge    Tloc/Air       0%         N/A       96%         3
 Agony                    Necr           0%         N/A       100%        5
 Arcjolt                  Conj/Air       0%         1d10      100%        5
 Silence                  Hex/Air        0%         N/A       100%        5
 Plasma Beam              Fire/Air       0%         2x1d11    100%        6


Dungeon Overview and Level Annotations

Branches:
Dungeon (4/15)
 Temple: D:4-7

Altars:


Innate Abilities, Weirdness & Mutations

You are immune to sickness and miasma.
Your stone body is resilient. (AC +4)
You are immune to poison.
You resist negative energy. (rN+)
You are resistant to electric shocks. (rElec)
You are resistant to unholy torment.
You are immune to petrification.


Message History

The orc wizard flickers and vanishes!
Deactivating autopickup; reactivate with Ctrl-A.
You bump into the rock wall.
The orc priest hits you with a +0 war axe.
The orc wizard casts a spell.
The orc wizard flickers and vanishes!
You bump into the rock wall.
You feel less confused.
The orc priest mumbles some strange prayers to Beogh against you.
Beogh smites you!
You hit the orc priest.
The orc priest suddenly seems more resistant.
The orc priest is moderately wounded.
You block the orc priest's attack. Something hits you but does no damage.
You slash the orc wizard!
The orc wizard is severely wounded.
You hit something but do no damage. You block something's attack.
The orc priest mumbles some strange prayers to Beogh against you.
Beogh smites you! Something hits you but does no damage.
The orc wizard barely misses you.
You closely miss the orc priest.
The orc priest is moderately wounded.
You hit something but do no damage. You slash the orc wizard!
You kill the orc wizard!
You barely miss something.
You hear some strange, mumbled words.
Something tries to affect you, but you resist.
The orc priest hits you with a +0 war axe!
* * * LOW HITPOINT WARNING * * *
Something hits you but does no damage.
You completely miss the orc priest.
The orc priest is moderately wounded.
You barely miss something. You miss something. Something hits you.
* * * LOW HITPOINT WARNING * * *
The orc priest barely misses you. Something hits you but does no damage.
Something completely misses you. Something hits you.
* * * LOW HITPOINT WARNING * * *
The orc priest invokes the aid of Beogh against you.
Pain shoots through your body!
You die...

####'###...#....##
#(###...#.....#
...#..#....#.....#
...#..#....'.....#
...#..#....#.....#
...#..#....#.....#
...#..#....#.....#
...#'###..##...).# .#
#......####....{@#...##
#......+..#.....o{......
+......#..'......#......
#......#..#......#......
#......#..#......# ...##
......##..##....## ...#
......#....#....# ..#
......#....#....+ ..#
......'....#....#


You could see an orc priest (resistant).

Vanquished Creatures
  A phantom (D:4)
  An orc wizard (D:4)
  3 adders (D:2)
  2 worms (D:3)
  4 orcs (D:4)
  3 bats
  7 endoplasms
  2 giant cockroaches (D:3)
  3 goblins
  4 hobgoblins
  2 jackals (D:3)
  2 quokkas (D:2)
  5 ball pythons
  7 frilled lizards
  5 kobolds
  A rat (D:2)
52 creatures vanquished.

Notes
Turn   | Place    | Note
-------+----------+-------------------------------------------
     0 | D:1      | bande the Gargoyle Fighter began the quest for the Orb.
     0 | D:1      | Reached XP level 1. HP: 14/14 MP: 1/1
   212 | D:1      | Reached XP level 2. HP: 19/19 MP: 2/2
   796 | D:2      | Reached XP level 3. HP: 19/24 MP: 3/3
  1283 | D:2      | Reached XP level 4. HP: 28/29 MP: 4/4
  2536 | D:4      | Noticed a phantom
  2554 | D:4      | Killed a phantom
  2555 | D:4      | Reached skill level 1 in Evocations
  2555 | D:4      | Reached XP level 5. HP: 23/33 MP: 5/5
  2712 | D:4      | HP: 1/33 [something (2)]
  2712 | D:4      | Killed from afar by an orc priest

Illustrated notes

Levels and vault maps discovered:
D:1:      minmay_arrival_diagonal_passages, layout_basic
D:2:      layout_loops_ring, dreamdust_princess_bridge
D:3:      layout_loops_ring
D:4:      layout_gridville, nemelex_xobeh_ov_fountains_minmay,
          pdpol_wu_jian_five_deadly_venoms, minmay_misc_feat_tiny

Skill      XL: |  1  2  3  4 |
---------------+-------------+-----
Axes           | 2 3 |  3.4
Fighting       | 4 |  4.2
Armour         | 4 |  4.0
Evocations     | 1 |  1.3
Shields        | |  3.8

Action                     |  1- 3 |  4- 6 || total
---------------------------+-------+-------++-------
  Melee: War axe           |    99 |    75 ||   174
    Use: Scroll            |       |     9 ||     9
 Armour: Scale mail        |    63 |    47 ||   110
  Dodge: Dodged            |    45 |    22 ||    67
  Block: Buckler           |    19 |    15 ||    34

Table legend: (Time is in decaauts)
 A = Elapsed time spent in this place.
 B = Non-inter-level travel time spent in this place.
 C = Inter-level travel time spent in this place.
 D = Time resting spent in this place.
 E = Time spent auto-exploring this place.
 F = Levels seen in this place.
 G = Mean time per level.
                   A        B        C        D        E       F      G
               +--------+--------+--------+--------+--------+-----+--------+
         Total |   2786 |   2669 |    117 |    139 |   2077 |   4 |  696.5 |
       Dungeon |   2786 |   2669 |    117 |    139 |   2077 |   4 |  696.5 |
               +--------+--------+--------+--------+--------+-----+--------+

Top non-repeatable levels by time:
     D:2: 883 daAuts
     D:1: 796 daAuts
     D:3: 766 daAuts
     D:4: 339 daAuts
